APL (24 & UNDER)
DETROIT DIRTY SNOW @ KENOSHA KINGFISH
06/02/2027
 
TOP OF THE 1ST
Detroit Dirty Snow batting - Pitching for Kenosha Kingfish : RHP Matt Hoffman
Pitching: RHP Matt Hoffman
Batting: RHB Phil Wright 0-0: Ball
1-0: Ground out U3 (Groundball, 34)
Batting: RHB Cristo Souza 0-0: Ground out 6-3 (Groundball, 6D)
Batting: LHB Eric Powell 0-0: Called Strike
0-1: Ball
1-1: Swinging Strike
1-2: Ball
2-2: Ball
3-2: Fly out, F7 (Flyball, 7S)
Top of the 1st over - 0 run(s), 0 hit(s), 0 error(s), 0 left on base; Detroit 0 - Kenosha 0
BOTTOM OF THE 1ST
Kenosha Kingfish batting - Pitching for Detroit Dirty Snow : RHP Paul McFadden
Pitching: RHP Paul McFadden
Batting: RHB Manuel Gómez 0-0: Ball
1-0: Swinging Strike
1-1: Foul Ball, location: 2F
1-2: Ball
2-2: DOUBLE (Line Drive, 7LM)
Batting: SHB John Beach 0-0: Called Strike
0-1: Ball
1-1: Ball
2-1: Foul Ball, location: 2F
2-2: 2-RUN HOME RUN (Flyball, 89XD), Distance : 430 ft
Batting: LHB Jon Quinn 0-0: Called Strike
0-1: Called Strike
0-2: Ball
1-2: Foul Ball, location: 2F
1-2: Strikes out swinging
Batting: LHB Davey Casey 0-0: Ball
1-0: Ball
2-0: Foul Ball, location: 2F
2-1: Ball
3-1: Base on Balls
Batting: RHB Sergio Mata 0-0: Ball
1-0: Fly out, F9 (Flyball, 9S)
Batting: SHB Devin Smith 0-0: Ball
1-0: Foul Ball, location: 2F
1-1: Swinging Strike
1-2: Ball
2-2: Ball
3-2: Base on Balls
Davey Casey to second
Batting: LHB Dusty Wilson 0-0: Ball
1-0: Called Strike
1-1: Fly out, F7 (Flyball, 7)
Bottom of the 1st over - 2 run(s), 2 hit(s), 0 error(s), 2 left on base; Detroit 0 - Kenosha 2
TOP OF THE 2ND
Detroit Dirty Snow batting - Pitching for Kenosha Kingfish : RHP Matt Hoffman
Batting: RHB Carlos Rocha 0-0: Ball
1-0: Swinging Strike
1-1: Swinging Strike
1-2: Ball
2-2: Foul Ball, location: 2F
2-2: Ball
3-2: Foul Ball, location: 2F
3-2: Strikes out swinging
Batting: RHB Arturo Jiménez 0-0: Foul Ball, location: 2F
0-1: Called Strike
0-2: Foul Ball, location: 2F
0-2: Ball
1-2: Ball
2-2: DOUBLE (Line Drive, 9)
Batting: SHB Cristián López 0-0: Fly out, F7 (Flyball, 7)
Batting: RHB Carlos Salas 0-0: Called Strike
0-1: Ball
1-1: Called Strike
1-2: Foul Ball, location: 2F
1-2: Strikes out looking
Top of the 2nd over - 0 run(s), 1 hit(s), 0 error(s), 1 left on base; Detroit 0 - Kenosha 2
BOTTOM OF THE 2ND
Kenosha Kingfish batting - Pitching for Detroit Dirty Snow : RHP Paul McFadden
Batting: RHB Bob Lee 0-0: Called Strike
0-1: Foul Ball, location: 2F
0-2: Ball
1-2: Fly out, F5 (Line Drive, 5)
Batting: RHB José Vargas 0-0: Fly out, F9 (Flyball, 89M)
Batting: RHB Manuel Gómez 0-0: Swinging Strike
0-1: Ball
1-1: Fly out, F9 (Line Drive, 9)
Bottom of the 2nd over - 0 run(s), 0 hit(s), 0 error(s), 0 left on base; Detroit 0 - Kenosha 2
TOP OF THE 3RD
Detroit Dirty Snow batting - Pitching for Kenosha Kingfish : RHP Matt Hoffman
Batting: RHB Jorge López 0-0: Called Strike
0-1: Ball
1-1: SINGLE (Groundball, 34D)
Batting: RHB Paul Liddle 0-0: SINGLE (Groundball, 4MD)
Jorge López to second
Batting: RHB Phil Wright 0-0: Ball
1-0: Called Strike
1-1: Foul Ball, location: 2F
1-2: Ball
2-2: Foul Ball, location: 2F
2-2: Foul Ball, location: 2F
2-2: Strikes out swinging
Batting: RHB Cristo Souza 0-0: Fly out, F5 (Line Drive, 5)
Batting: LHB Eric Powell 0-0: Ball
1-0: Foul Ball, location: 2F
1-1: Ball
2-1: Swinging Strike
2-2: Strikes out swinging
Top of the 3rd over - 0 run(s), 2 hit(s), 0 error(s), 2 left on base; Detroit 0 - Kenosha 2
BOTTOM OF THE 3RD
Kenosha Kingfish batting - Pitching for Detroit Dirty Snow : RHP Paul McFadden
Batting: SHB John Beach 0-0: Ball
1-0: Called Strike
1-1: Ball
2-1: Ball
3-1: Foul Ball, location: 2F
3-2: Base on Balls
Batting: LHB Jon Quinn 0-0: Ball
1-0: Ball
2-0: Foul Ball, location: 2F
2-1: Ball
3-1: Base on Balls
John Beach to second
Batting: LHB Davey Casey 0-0: Called Strike
0-1: Foul Ball, location: 2F
0-2: Ball
1-2: Foul Ball, location: 2F
1-2: Ball
2-2: Foul Ball, location: 2F
2-2: Strikes out swinging
Batting: RHB Sergio Mata 0-0: Ball
1-0: Called Strike
1-1: Called Strike
1-2: Foul Ball, location: 2F
1-2: Ball
2-2: Ball
3-2: Base on Balls
John Beach to third
Jon Quinn to second
Batting: SHB Devin Smith 0-0: Ball
1-0: Ball
2-0: Called Strike
2-1: Ball
3-1: Base on Balls
John Beach scores
Jon Quinn to third
Sergio Mata to second
Batting: LHB Dusty Wilson 0-0: Ball
1-0: Ball
2-0: Ball
3-0: Called Strike
3-1: Grounds into fielders choice 1-2 (Groundball, 13S)
Sergio Mata to third
Devin Smith to second
Batting: RHB Bob Lee 0-0: Called Strike
0-1: Foul Ball, location: 2F
0-2: Strikes out swinging
Bottom of the 3rd over - 1 run(s), 0 hit(s), 0 error(s), 3 left on base; Detroit 0 - Kenosha 3
TOP OF THE 4TH
Detroit Dirty Snow batting - Pitching for Kenosha Kingfish : RHP Matt Hoffman
Batting: RHB Carlos Rocha 0-0: Ball
1-0: Ball
2-0: Swinging Strike
2-1: Ball
3-1: Foul Ball, location: 2F
3-2: Strikes out looking
Batting: RHB Arturo Jiménez 0-0: Ball
1-0: Ball
2-0: Called Strike
2-1: Swinging Strike
2-2: Strikes out swinging
Batting: SHB Cristián López 0-0: Ball
1-0: Ball
2-0: Called Strike
2-1: Foul Ball, location: 2F
2-2: Fly out, F6 (Popup, 56D)
Top of the 4th over - 0 run(s), 0 hit(s), 0 error(s), 0 left on base; Detroit 0 - Kenosha 3
BOTTOM OF THE 4TH
Kenosha Kingfish batting - Pitching for Detroit Dirty Snow : RHP Paul McFadden
Batting: RHB José Vargas 0-0: Called Strike
0-1: Called Strike
0-2: Ball
1-2: Strikes out swinging
Batting: RHB Manuel Gómez 0-0: Called Strike
0-1: Ball
1-1: Foul Ball, location: 2F
1-2: Foul Ball, location: 2F
1-2: Foul Ball, location: 2F
1-2: Strikes out swinging
Batting: SHB John Beach 0-0: Called Strike
0-1: Ball
1-1: Ball
2-1: Ground out 3-1 (Groundball, 34)
Bottom of the 4th over - 0 run(s), 0 hit(s), 0 error(s), 0 left on base; Detroit 0 - Kenosha 3
TOP OF THE 5TH
Detroit Dirty Snow batting - Pitching for Kenosha Kingfish : RHP Matt Hoffman
Batting: RHB Carlos Salas 0-0: Bunted foul
0-1: Ball
1-1: Ball
2-1: Ball
3-1: Base on Balls
Batting: RHB Jorge López 0-0: Called Strike
0-1: SINGLE (Line Drive, 6MD)
Carlos Salas to second
Batting: RHB Paul Liddle 0-0: Ball
1-0: Foul Ball, location: 2F
1-1: Foul Ball, location: 2F
1-2: Strikes out swinging
Batting: RHB Phil Wright 0-0: Called Strike
0-1: Ball
1-1: Ball
2-1: Foul Ball, location: 2F
2-2: DOUBLE (Groundball, 5L)
Carlos Salas scores
Jorge López to third
Batting: RHB Cristo Souza 0-0: Ball
1-0: SINGLE (Groundball, 56D)
Jorge López scores
Phil Wright to third
Runner from 3rd tries for Home, SAFE, no throw
Batting: LHB Eric Powell 0-0: Ball
1-0: Ball
2-0: Ball
3-0: Base on Balls
Cristo Souza to second
Batting: RHB Carlos Rocha 0-0: Ball
Wild Pitch!
Cristo Souza to third
Eric Powell to second
1-0: Ball
2-0: Swinging Strike
2-1: Called Strike
2-2: Strikes out looking
Pitching: RHP Aubrey Hudson
Batting: RHB Arturo Jiménez 0-0: Ball
1-0: Called Strike
1-1: Ball
2-1: Foul Ball, location: 2F
2-2: Ball
3-2: Foul Ball, location: 2F
3-2: Base on Balls
Batting: SHB Cristián López 0-0: Called Strike
0-1: Ball
1-1: Foul Ball, location: 2F
1-2: Ball
2-2: Strikes out swinging
Top of the 5th over - 3 run(s), 3 hit(s), 0 error(s), 3 left on base; Detroit 3 - Kenosha 3
BOTTOM OF THE 5TH
Kenosha Kingfish batting - Pitching for Detroit Dirty Snow : RHP Paul McFadden
Pitching: RHP Drake Williams
Batting: LHB Jon Quinn 0-0: Ball
1-0: Swinging Strike
1-1: Foul Ball, location: 2F
1-2: Strikes out swinging
Batting: LHB Davey Casey 0-0: SINGLE (Line Drive, 6M)
Batting: RHB Sergio Mata 0-0: Ball
1-0: Called Strike
1-1: SINGLE (Flyball, 89S)
Davey Casey to second
Batting: SHB Devin Smith 0-0: Foul Ball, location: 2F
0-1: Called Strike
0-2: Ball
1-2: Foul Ball, location: 2F
1-2: Foul Ball, location: 2F
1-2: Foul Ball, location: 2F
1-2: Ball
2-2: Ball
3-2: Strikes out swinging
Batting: LHB Dusty Wilson 0-0: Foul Ball, location: 2F
0-1: Swinging Strike
0-2: Ball
1-2: Strikes out looking
Bottom of the 5th over - 0 run(s), 2 hit(s), 0 error(s), 2 left on base; Detroit 3 - Kenosha 3
TOP OF THE 6TH
Detroit Dirty Snow batting - Pitching for Kenosha Kingfish : RHP Aubrey Hudson
Batting: RHB Carlos Salas 0-0: Ball
1-0: SINGLE (Line Drive, 7S)
Batting: RHB Jorge López 0-0: Grounds into double play, 1-6-3 (Groundball, 13S)
Batting: RHB Paul Liddle 0-0: Ball
1-0: Ball
2-0: Ball
3-0: Called Strike
3-1: Ground out 5-3 (Groundball, 56S)
Top of the 6th over - 0 run(s), 1 hit(s), 0 error(s), 0 left on base; Detroit 3 - Kenosha 3
BOTTOM OF THE 6TH
Kenosha Kingfish batting - Pitching for Detroit Dirty Snow : RHP Drake Williams
Batting: RHB Bob Lee 0-0: Ball
1-0: Ball
2-0: Foul Ball, location: 2F
2-1: SINGLE (Groundball, 4D)
Batting: RHB José Vargas 0-0: Fielders Choice at 2nd, 6-4 (Groundball, 6)
Batting: RHB Manuel Gómez 0-0: Ball
1-0: Grounds into double play, 6-4-3 (Groundball, 6)
Bottom of the 6th over - 0 run(s), 1 hit(s), 0 error(s), 0 left on base; Detroit 3 - Kenosha 3
TOP OF THE 7TH
Detroit Dirty Snow batting - Pitching for Kenosha Kingfish : RHP Aubrey Hudson
Batting: RHB Phil Wright 0-0: Called Strike
0-1: Swinging Strike
0-2: Ball
1-2: Ball
2-2: Ball
3-2: Strikes out swinging
Batting: RHB Cristo Souza 0-0: Ball
1-0: Ball
2-0: Foul Ball, location: 2F
2-1: Swinging Strike
2-2: Foul Ball, location: 2F
2-2: Strikes out swinging
Batting: LHB Eric Powell 0-0: Foul Ball, location: 2F
0-1: Called Strike
0-2: Hit by Pitch
Batting: RHB Carlos Rocha 0-0: Ball
Eric Powell is caught stealing 2nd base
Top of the 7th over - 0 run(s), 0 hit(s), 0 error(s), 0 left on base; Detroit 3 - Kenosha 3
BOTTOM OF THE 7TH
Kenosha Kingfish batting - Pitching for Detroit Dirty Snow : RHP Drake Williams
Pinch Hitting: LHB Gustavo Gómez 0-0: Ball
1-0: Ball
2-0: Ball
3-0: Base on Balls
Pitching: LHP Brian Gunther
Pinch Hitting: RHB Rubén Hernández 0-0: Foul Ball, location: 2F
0-1: Ball
1-1: Foul Ball, location: 2F
1-2: Foul Ball, location: 2F
1-2: Strikes out looking
Batting: LHB Davey Casey 0-0: Ball
1-0: Foul Ball, location: 2F
1-1: Swinging Strike
1-2: Strikes out swinging
Batting: RHB Sergio Mata 0-0: Called Strike
0-1: Foul Ball, location: 2F
0-2: Ball
1-2: Ball
2-2: Ball
3-2: Foul Ball, location: 2F
3-2: Ground out 5-3 (Groundball, 5)
Bottom of the 7th over - 0 run(s), 0 hit(s), 0 error(s), 1 left on base; Detroit 3 - Kenosha 3
TOP OF THE 8TH
Detroit Dirty Snow batting - Pitching for Kenosha Kingfish : RHP Aubrey Hudson
Now at 1B: Rubén Hernández
Now at 3B: Júlio Valentín
Batting: RHB Carlos Rocha 0-0: Foul Ball, location: 2F
0-1: Ball
1-1: Swinging Strike
1-2: Ball
2-2: DOUBLE (Flyball, 78D)
Batting: RHB Arturo Jiménez 0-0: Intentional Walk
Batting: SHB Cristián López 0-0: Bunted foul
0-1: Bunt missed!
0-2: Foul Ball, location: 2F
0-2: Ball
1-2: Strikes out swinging
Batting: RHB Carlos Salas 0-0: Swinging Strike
0-1: Fly out, F6 (Flyball, 6MD)
Batting: RHB Jorge López 0-0: Foul Ball, location: 2F
0-1: SINGLE (Groundball, 56D)
Carlos Rocha to third
Arturo Jiménez to second
Runner from 3rd tries for Home, SAFE, no throw
Batting: RHB Paul Liddle 0-0: Ball
1-0: Swinging Strike
1-1: Ball
2-1: Foul Ball, location: 2F
2-2: Strikes out looking
Top of the 8th over - 1 run(s), 2 hit(s), 0 error(s), 2 left on base; Detroit 4 - Kenosha 3
BOTTOM OF THE 8TH
Kenosha Kingfish batting - Pitching for Detroit Dirty Snow : LHP Brian Gunther
Batting: SHB Devin Smith 0-0: Ball
1-0: Called Strike
1-1: Ball
2-1: Foul Ball, location: 2F
2-2: Strikes out looking
Batting: LHB Dusty Wilson 0-0: Fly out, F7 (Line Drive, 7)
Batting: RHB Bob Lee 0-0: Foul Ball, location: 2F
0-1: Foul Ball, location: 2F
0-2: Strikes out swinging
Bottom of the 8th over - 0 run(s), 0 hit(s), 0 error(s), 0 left on base; Detroit 4 - Kenosha 3
TOP OF THE 9TH
Detroit Dirty Snow batting - Pitching for Kenosha Kingfish : RHP Aubrey Hudson
Pitching: RHP Edwin Manning
Batting: RHB Phil Wright 0-0: Foul Ball, location: 2F
0-1: Foul Ball, location: 2F
0-2: Foul Ball, location: 2F
0-2: Ball
1-2: Strikes out looking
Batting: RHB Cristo Souza 0-0: Called Strike
0-1: SINGLE (Line Drive, 78S)
Batting: LHB Eric Powell 0-0: Ball
1-0: Called Strike
1-1: Swinging Strike
1-2: Strikes out swinging
Batting: RHB Carlos Rocha 0-0: DOUBLE (Line Drive, 78D)
Cristo Souza to third
Batting: RHB Arturo Jiménez 0-0: Ball
1-0: Foul Ball, location: 2F
1-1: Called Strike
1-2: Strikes out looking
Top of the 9th over - 0 run(s), 2 hit(s), 0 error(s), 2 left on base; Detroit 4 - Kenosha 3
BOTTOM OF THE 9TH
Kenosha Kingfish batting - Pitching for Detroit Dirty Snow : LHP Brian Gunther
Pitching: RHP Vaughan Horne
Pinch Hitting: LHB Richard Brooks 0-0: Called Strike
0-1: Ball
1-1: Ball
2-1: Foul Ball, location: 2F
2-2: Ball
3-2: Foul Ball, location: 2F
3-2: Ground out 4-3 (Groundball, 4D)
Batting: RHB Manuel Gómez 0-0: Called Strike
0-1: Ball
1-1: Foul Ball, location: 2F
1-2: Fly out, F4 (Popup, 4)
Batting: SHB Júlio Valentín 0-0: Called Strike
0-1: Foul Ball, location: 2F
0-2: Ball
1-2: SINGLE (Line Drive, 6M)
Batting: RHB Rubén Hernández 0-0: Called Strike
0-1: Fly out, F7 (Flyball, 7)
Bottom of the 9th over - 0 run(s), 1 hit(s), 0 error(s), 1 left on base; Detroit 4 - Kenosha 3
Thursday, March 30th, 2017 - OOTP Baseball 17.12 Build 75